 Dungeon Crawl Stone Soup version 0.28.0-45-g0d030f2227 (webtiles) character file.

Game seed: 16801055934118791215

78 seaoflcl the Covered (level 4, -5/35 HPs)
             Began as a Human Fighter on Apr 24, 2022.
             Slain by a gnoll
             ... wielding a +0 halberd
              (7 damage)
             ... on level 2 of the Dungeon.
             The game lasted 00:02:18 (2028 turns).

seaoflcl the Covered (Human Fighter)                Turns: 2028, Time: 00:02:18

Health: -5/35      AC:  6    Str: 19    XL:     4   Next: 61%
Magic:  4/4        EV:  9    Int:  8    God:
Gold:   40         SH:  4    Dex: 12    Spells: 3/3 levels left

rFire   + . .      SeeInvis .   a - +0 long sword
rCold   + . .      Faith    .   c - +0 buckler
rNeg    . . .      Spirit   .   b - +0 scale mail
rPois   .          Reflect  .   (no helmet)
rElec   .          Harm     .   g - scarf {rC+ rF+}
rCorr   .          Rampage  .   (no gloves)
Will    .....                   (no boots)
Stlth   ..........              (no amulet)
HPRegen 0.11/turn               (no ring)
MPRegen 0.09/turn               (no ring)

@: mighty
A: no striking features
a: no special abilities


You were on level 2 of the Dungeon.
You visited 1 branch of the dungeon, and saw 2 of its levels.

You collected 40 gold pieces.

Inventory:

Hand Weapons
 a - a +0 long sword (weapon)
 k - a +0 hunting sling
Armour
 b - a +0 scale mail (worn)
 c - a +0 buckler (worn)
 g - a scarf of resistance (worn)
Scrolls
 e - a scroll of blinking {unknown}
Potions
 f - a potion of haste {unknown}
 h - a potion of curing {unknown}
 i - a potion of resistance {unknown}
 j - a potion of degeneration {unknown}


   Skills:
 + Level 3.4 Fighting
 + Level 3.0 Long Blades
 + Level 3.4 Armour
 + Level 1.0 Dodging
 + Level 0.3 Stealth
 + Level 3.3 Shields


You had 3 spell levels left.
You didn't know any spells.
Your spell library contained the following spells:

 Spells                   Type           Power      Damage    Failure   Level
 Petrify                  Tmut/Erth      0%         N/A       100%        4
 Metabolic Englaciation   Hex/Ice        0%         N/A       100%        5
 Statue Form              Tmut/Erth      0%         N/A       100%        6


Dungeon Overview and Level Annotations

Branches:
Dungeon (2/15)

Altars:

Shops:
D:1 [   D:2 [*[


Message History

The gnoll barely misses you.
You slash the gnoll!
The gnoll is almost dead.
You hit the gnoll.
You kill the gnoll!
The gnoll completely misses you.
Things that are here:
a +0 club; a gnoll corpse You slash the gnoll!
The gnoll is severely wounded.
The gnoll hits you from afar with a +0 halberd.
You hit the gnoll.
The gnoll is lightly wounded.
You block the gnoll's attack. The gnoll hits you with a +0 whip.
The gnoll closely misses you. The gnoll completely misses you.
You barely miss the gnoll.
The gnoll is lightly wounded.
The gnoll hits you but does no damage. x2; The gnoll closely misses you.
You block the gnoll's attack.
You hit the gnoll but do no damage.
The gnoll is lightly wounded.
The gnoll barely misses you. You block the gnoll's attack.
The gnoll closely misses you.
You closely miss the gnoll.
The gnoll is lightly wounded.
The gnoll hits you with a +0 club!
The gnoll hits you from afar with a +0 halberd.
The gnoll hits you with a +0 whip. You block the gnoll's attack.
The gnoll barely misses you. The gnoll closely misses you.
You slash the gnoll!
You kill the gnoll!
The gnoll barely misses you. x2
Your Long Blades skill increases to level 3!
You feel very mighty all of a sudden. The gnoll hits you with a +0 halberd!
* * * LOW HITPOINT WARNING * * *
You hit the gnoll.
The gnoll is heavily wounded.
The gnoll hits you with a +0 halberd!
You die...

###### ##g...# ##..##.##
##.g##...# ##..####.##
#.)####gg.## #.)##
#..@..# #..# ##...##
#..# ####.....####
####### ...#
#.#.......#.#####......
....
.............#.##......
...
..........†...........#.
..
#.............#.#....#..
##.#.......#.####...####
####.....#### ###..#..


You could see 2 gnolls.

Vanquished Creatures
  2 gnolls (D:2)
  An adder (D:2)
  3 dart slugs
  4 ball pythons
  3 endoplasms (D:1)
  A giant cockroach (D:2)
  4 goblins
  6 hobgoblins
  2 jackals (D:1)
  5 kobolds (D:1)
  2 quokkas (D:1)
  2 bats
  A frilled lizard (D:1)
  6 rats
42 creatures vanquished.

Notes
Turn   | Place    | Note
-------+----------+-------------------------------------------
     0 | D:1      | seaoflcl the Human Fighter began the quest for the Orb.
     0 | D:1      | Reached XP level 1. HP: 18/18 MP: 1/1
   210 | D:1      | Reached XP level 2. HP: 24/24 MP: 2/2
   689 | D:1      | Reached XP level 3. HP: 29/29 MP: 3/3
   712 | D:1      | Found Vifa's Armour Shop.
  1487 | D:2      | Found Oqao's Antique Armour Shop.
  1538 | D:2      | Found Penkaxys's Armour Emporium.
  1546 | D:2      | Found Faolit's Assorted Antiques.
  1650 | D:2      | Reached XP level 4. HP: 26/35 MP: 4/4
  1927 | D:2      | Reached skill level 1 in Dodging
  2028 | D:2      | Slain by a gnoll

Illustrated notes

Levels and vault maps discovered:
D:1:      dpeg_arrival_tiny_j, layout_loops_corners, serial_shops,
          nicolae_shop_hallway_stairs, minmay_misc_feat_rows,
          minmay_tetromino_t2
D:2:      minmay_wonky_spiral, layout_rooms,
          shapermc_ecumenical_altar_mp_highgroup, serial_shops,
          nicolae_shop_stone, nicolae_shop_advertising_works
          [nicolae_subvault_shop_adworks], nicolae_square_shop, shop,
          grunt_ministairs_4, nicolae_figureground_sparkle, uniq_sigmund

Skill      XL: |  1  2  3  4 |
---------------+-------------+-----
Dodging        | 1 |  1.0
Long Blades    | 3 |  3.0
Fighting       | |  3.4
Armour         | |  3.4
Stealth        | |  0.3
Shields        | |  3.3

Action                   |  1- 3 |  4- 6 || total
-------------------------+-------+-------++-------
Melee: Long sword        |   118 |    18 ||   136
  Use: Potion            |       |     1 ||     1
Armor: Scale mail        |    46 |     7 ||    53
Dodge: Dodged            |    56 |    16 ||    72
Block: Buckler           |    22 |     5 ||    27
